 Dungeon Crawl Stone Soup version 0.29.1-12-g30fa7ad0bf (webtiles) character file.

Game seed: 16834004256912957741

7525 croobank the Zephyrmancer (level 10, -2/73 HPs)
             Began as a Demonspawn Conjurer on Dec 25, 2022.
             Was an Initiate of Gozag.
             Slain by a two-headed ogre
             ... wielding a +0 giant spiked club
              (17 damage)
             ... on level 9 of the Dungeon.
             The game lasted 00:49:33 (12989 turns).

croobank the Zephyrmancer (Demonspawn Conjurer)    Turns: 12989, Time: 00:49:33

Health: -2/73      AC: 14    Str: 12    XL:     10   Next: 95%
Magic:  16/16      EV: 11    Int: 23    God:    Gozag
Gold:   808        SH:  0    Dex: 11    Spells: 7/17 levels left

rFire   + . .      SeeInvis +   c - +3 quarterstaff (spect)
rCold   . . .      Faith    .   (shield currently unavailable)
rNeg    . . .      Spirit   .   B - +3 ring mail of Exclusion {Contam rF+ Str+3 SInv}
rPois   .          Reflect  .   (helmet restricted)
rElec   .          Harm     .   (no cloak)
rCorr   .          Rampage  .   l - +1 pair of gloves
Will    .....                   e - +1 pair of boots
Stlth   ++........              u - amulet of the acrobat
HPRegen 0.22/turn               (no ring)
MPRegen 0.15/turn               (no ring)

@: no status effects
A: horns 1, thin metallic scales 2, powered by pain 3, deformed body
a: Renounce Religion, Potion Petition, Call Merchant, Bribe Branch


You were on level 9 of the Dungeon.
You worshipped Gozag.
Gozag was pleased with you.
You visited 2 branches of the dungeon, and saw 10 of its levels.
You also visited: Bailey.

You collected 959 gold pieces.
You spent 44 gold pieces at shops.
You paid 107 gold pieces to Gozag.

Inventory:

Hand Weapons
 b - a +0 great sword
 c - a +3 spectral quarterstaff (weapon)
 d - a +0 mace
 g - a +3 dagger of flaming
 y - a +0 war axe of freezing
 C - a +0 broad axe
 H - a +3 long sword
 I - a +5 hand axe
 O - the +8 storm bow {elec, penet}
   (You found it in a bailey)

   Any ammunition fired from it occasionally discharges a powerful burst of
   electricity upon striking a foe.
   Any ammunition fired by it passes through the targets it hits, potentially
   hitting all targets in its path until it reaches maximum range.
Missiles
 h - 27 poisoned darts
 i - 121 stones
 m - 11 curare-tipped darts
 n - 4 boomerangs
Armour
 a - a +2 robe of willpower
 e - a +1 pair of boots (worn)
 l - a +1 pair of gloves (worn)
 B - the +3 ring mail of Exclusion (worn) {Contam rF+ Str+3 SInv}
   (You found it on level 5 of the Dungeon)

   Str:       It affects your strength (+3).
   rF:        It protects you from fire.
   SInv:      It lets you see invisible.
   Contam:    It causes magical contamination when unequipped.
 M - the +1 leather armour "Forget-Me-Not" {Str+2 Int+4}
   (You found it in a bailey)

   Str:       It affects your strength (+2).
   Int:       It affects your intelligence (+4).
 P - an orb of light
 U - the +0 ring mail of Impatience {Will+ Str+7 Int-4 Stlth+}
   (You found it on level 9 of the Dungeon)

   Str:       It affects your strength (+7).
   Int:       It affects your intelligence (-4).
   Will:      It increases your willpower.
   Stlth:     It makes you more stealthy.
Magical Staves
 x - a staff of cold
 z - a staff of death
 F - a staff of air
 N - a staff of conjuration
Jewellery
 u - an amulet of the acrobat (around neck)
 J - an amulet of guardian spirit
 L - the ring of the Heavens {Fire rElec rN++ rCorr Int-3}
   (You acquired it in a bailey)

   [ring of fire]

   It enhances your fire magic.
   Int:       It affects your intelligence (-3).
   rF:        It protects you from fire.
   rC:        It makes you vulnerable to cold.
   rElec:     It insulates you from electricity.
   rN:        It greatly protects you from negative energy.
   rCorr:     It protects you from acid and corrosion.
 R - an amulet of reflection
Wands
 D - a wand of quicksilver (8)
 K - a wand of mindburst (20)
Scrolls
 f - 2 scrolls of vulnerability
 p - 6 scrolls of amnesia
 t - 2 scrolls of teleportation
 v - a scroll of noise
 A - 2 scrolls of silence
 G - a scroll of blinking
 S - a scroll of identify
Potions
 j - 4 potions of heal wounds
 k - 6 potions of invisibility
 o - 2 potions of resistance
 q - 2 potions of brilliance
 r - 3 potions of cancellation
 s - 3 potions of mutation
 w - 4 potions of attraction
 E - a potion of berserk rage
 Q - a potion of magic
 T - a potion of flight


   Skills:
 * Level 4.7 Fighting
 + Level 6.4 Armour
 * Level 4.2 Dodging
 * Level 4.7 Stealth
 * Level 4.2 Spellcasting
 * Level 5.7 Conjurations
 * Level 3.6 Hexes
 + Level 8.2 Transmutations
 + Level 8.3 Air Magic


You had 7 spell levels left.
You knew the following spells:

 Your Spells              Type           Power      Damage    Failure   Level
a - Magic Dart            Conj           100%       1d8       1%          1
b - Searing Ray           Conj           62%        2d6       3%          2
c - Dazzling Flash        Conj/Hex       52%        N/A       9%          3
d - Iskenderun's Mystic   Conj/Tloc      18%        2d6       54%         4

Your spell library contained the following spells:

 Spells                   Type           Power      Damage    Failure   Level
 Static Discharge         Conj/Air       37%        3-8/arc   1%          2
 Necrotise                Necr           16%        1d4       22%         1
 Fulminant Prism          Conj/Hex       13%        3d9       30%         4
 Lightning Bolt           Conj/Air       18%        1d33      32%         5
 Vampiric Draining        Necr           4%         2d6       54%         3
 Agony                    Necr           4%         N/A       99%         5
 Maxwell's Capacitive Co  Air            21%        ∞         100%        8


Dungeon Overview and Level Annotations

Branches:
Dungeon (9/15)             Temple (1/1) D:7            Lair (0/5) D:8
 Bailey (visited)
    Orc: D:9-12

Altars:
Ashenzari
Cheibriados
Dithmenos
Fedhas
Gozag
Hepliaklqana
Kikubaaqudgha
Makhleb
Nemelex Xobeh
Okawaru
Qazlal
Ru
Sif Muna
Trog
Uskayaw
Vehumet
Wu Jian
Xom
Yredelemnul

Shops:
D:4 *   D:5 ?:

Annotations:
D:2 1 runed translucent door, Crazy Yiuf


Innate Abilities, Weirdness & Mutations

You have a pair of small horns on your head.
You are mostly covered in thin metallic scales. (AC +3)
You are powered by pain.
Armour fits poorly on your strangely shaped body.


Message History

The two-headed ogre hits you with a +0 giant club!!
The two-headed ogre attacks as you move away!
The two-headed ogre completely misses you.
The two-headed ogre misses you.
The vampire points at you and mumbles some strange words.
You are confused.
You're too confused to cast spells.
A kobold brigand comes into view.
It is wielding a +0 club and quivering poisoned darts.
The kobold brigand shouts!
The vampire closely misses you. The vampire completely misses you.
You are too confused!
Okay, then.
It was a potion of flight.
You feel very buoyant.
You fly up into the air.
The two-headed ogre hits you with a +0 giant spiked club!
You focus on the pain.
You feel your power returning.
The two-headed ogre hits you with a +0 giant club!!
* * * LOW HITPOINT WARNING * * *
You focus on the pain.
You feel agile all of a sudden.
The vampire hits you but does no damage.
The vampire misses you.
Okay, then.
You are too confused!
There are monsters nearby!
You are too confused!
Unknown command.
Okay, then.
Your magical effects are unravelling.
You feel magically purged.
Your magical contamination has completely faded away.
You float gracefully downwards.
You feel less confused.
You feel a little less agile now. The vampire hits you.
* * * LOW HITPOINT WARNING * * *
The vampire bites you but does no damage.
The two-headed ogre hits you with a +0 giant spiked club!
You die...
Your body crumbles into a pile of gold.

K. #. ..######... ##
........... ....> #
#....?... #.##. ?##
..####.... #.##. #..
....##### #.##. ..
####....#### #.#..
###@.........#.#....
#.VO.........#.#.##.
#...######....#.#<...
#...##....##...#.#.##.
#... #)##..#...#.#.##.
##.. ###...#..[#.#.##.
$ ## .....##...#.#....
...####...#....##
####......'......


You could see a two-headed ogre, a vampire and a kobold brigand.

Vanquished Creatures
  An orc knight (Bailey)
  An orc sorcerer (Bailey)
  A kobold demonologist (Bailey)
  A troll (D:7)
  Grinder (D:6)
  A wyvern (D:8)
  4 yaks (D:8)
  3 steam dragons
  A water moccasin (D:6)
  A black bear (D:5)
  2 sky beasts
  11 orc warriors
  An ogre (D:7)
  2 centaurs
  2 phantoms (D:6)
  A kobold brigand (D:6)
  Blork the orc (D:5)
  3 bullfrogs
  7 scorpions
  2 necrophages
  4 wights (D:6)
  4 killer bees (D:7)
  4 howler monkeys
  2 electric eels (Bailey)
  7 hounds
  A jelly (D:8)
  An orc priest (D:7)
  6 iguanas
  8 orc wizards
  12 adders
  13 gnolls
  2 shadow imps
  2 white imps
  2 worms
  29 orcs
  6 bats
  8 endoplasms
  3 giant cockroaches
  16 goblins
  22 hobgoblins
  11 kobolds
  3 quokkas
  8 ball pythons
  4 frilled lizards
  5 rats
230 creatures vanquished.

Vanquished Creatures (others)
  A kobold (D:6)
1 creature vanquished.

Grand Total: 231 creatures vanquished

Notes
Turn   | Place    | Note
-------+----------+-------------------------------------------
     0 | D:1      | croobank the Demonspawn Conjurer began the quest for the
                  | Orb.
     0 | D:1      | Reached XP level 1. HP: 13/13 MP: 3/3
   265 | D:1      | Gained mutation: You are partially covered in thin metallic
                  | scales. (AC +2) [demonic ancestry]
   265 | D:1      | Reached XP level 2. HP: 14/19 MP: 1/5
   478 | D:1      | Learned a level 2 spell: Searing Ray
  1068 | D:1      | Gained mutation: You are mostly covered in thin metallic
                  | scales. (AC +3) [demonic ancestry]
  1068 | D:1      | Reached XP level 3. HP: 25/25 MP: 0/6
  1072 | D:1      | Learned a level 3 spell: Dazzling Flash
  1550 | D:2      | Reached skill level 1 in Fighting
  2160 | D:2      | Found a runed translucent door.
  2161 | D:2      | Noticed Crazy Yiuf
  2516 | D:3      | Gained mutation: You have a pair of small horns on your
                  | head. [demonic ancestry]
  2516 | D:3      | Reached XP level 4. HP: 32/32 MP: 0/7
  3139 | D:3      | Found a faded altar of an unknown god.
  3752 | D:4      | Noticed a scorpion
  3759 | D:4      | Killed a scorpion
  3760 | D:4      | Reached XP level 5. HP: 19/38 MP: 3/9
  3769 | D:3      | HP: 1/38 [poisoned by a scorpion]
  4329 | D:4      | Reached skill level 1 in Hexes
  4537 | D:4      | Noticed a black bear
  4568 | D:4      | Found Mouprechy's General Store.
  4647 | D:4      | Gained mutation: You sometimes gain a little power by
                  | taking damage. [demonic ancestry]
  4647 | D:4      | Reached XP level 6. HP: 46/46 MP: 10/10
  5100 | D:5      | Entered Level 5 of the Dungeon
  5113 | D:5      | Noticed Blork the orc
  5126 | D:5      | Killed Blork the orc
  5157 | D:5      | Reached XP level 7. HP: 47/53 MP: 5/12
  5157 | D:5      | Found Orihiq's Magic Scroll Shop.
  5172 | D:5      | Bought a scroll of identify for 22 gold pieces
  5172 | D:5      | Bought a scroll of identify for 22 gold pieces
  5179 | D:5      | Learned a level 4 spell: Iskenderun's Mystic Blast
  5293 | D:5      | Reached skill level 5 in Conjurations
  5351 | D:5      | Found Ygadgh's Book Emporium.
  5365 | D:5      | Gained mutation: You sometimes gain power by taking damage.
                  | [demonic ancestry]
  5365 | D:5      | Reached XP level 8. HP: 60/60 MP: 13/13
  5907 | D:5      | Identified the +3 ring mail of Exclusion {Contam rF+ Str+3
                  | SInv}
  6790 | D:6      | Reached skill level 1 in Armour
  6790 | D:6      | Gained mutation: You are powered by pain. [demonic
                  | ancestry]
  6790 | D:6      | Reached XP level 9. HP: 65/65 MP: 14/14
  7061 | D:6      | Noticed Grinder
  7081 | D:6      | Killed Grinder
  7763 | D:7      | Noticed a troll
  7787 | D:7      | Killed a troll
  8104 | D:7      | Reached skill level 5 in Armour
  8628 | D:7      | Found a staircase to the Ecumenical Temple.
  8637 | Temple   | Entered the Ecumenical Temple
  8973 | Temple   | Became a worshipper of Gozag Ym Sagoz the Greedy
  9143 | D:7      | Reached XP level 10. HP: 67/71 MP: 15/15
  9637 | D:7      | Found a burning altar of Makhleb.
  9637 | D:7      | Noticed a blizzard demon
  9739 | D:8      | Found a staircase to the Lair.
  9831 | D:8      | Found a flagged portal.
  9839 | Bailey   | Entered a bailey
 10036 | Bailey   | Noticed an orc knight
 10053 | Bailey   | Killed an orc knight
 10966 | Bailey   | Found an iron altar of Okawaru.
 10967 | Bailey   | Noticed an orc sorcerer
 10977 | Bailey   | Noticed a sixfirhy
 10980 | Bailey   | Killed an orc sorcerer
 11089 | Bailey   | Found the +8 storm bow {elec, penet}
 11154 | Bailey   | Identified the +1 leather armour "Forget-Me-Not" {Str+2
                  | Int+4}
 11580 | D:8      | Acquired the ring of the Heavens {Fire rElec rN++ rCorr
                  | Int-3}
 11582 | D:8      | Acquired a staff of conjuration
 12062 | D:8      | Gained mutation: Armour fits poorly on your strangely
                  | shaped body. [mutagenic glow]
 12942 | D:9      | Identified the +0 ring mail of Impatience {Will+ Str+7
                  | Int-4 Stlth+}
 12955 | D:9      | Noticed a two-headed ogre
 12989 | D:9      | Slain by a two-headed ogre

Illustrated notes

Levels and vault maps discovered:
D:1:      doesnt_arrival_eight_statues, layout_basic, minmay_octomino_e4
D:2:      cheibrodos_helix_gallery, layout_rooms, hex_tiny,
          ebering_dispersal_statue_hall, uniq_crazy_yiuf_cottage
D:3:      layout_loops_corners, chequers_ecumenical_altar_twisty,
          minmay_misc_feat_cross, minmay_fractal_squares_gapless_5
D:4:      layout_cave_pools, nicolae_take_the_stairs, minmay_pentangle
D:5:      minmay_inner_zag, layout_cave_pods, serial_shops, shop, shop_scrolls,
          hangedman_abyss_or_decor_passed, due_unseen_surprise,
          uniq_blork_the_orc
D:6:      layout_basic, chequers_serial_rivers_micro_e, uniq_grinder
D:7:      layout_loops_corners, makhleb_altar_promises_db,
          minmay_temple_entry_hall, chequers_serial_rivers_room_a
D:8:      layout_loops_corners, lair_entry_dummy, enter_bailey_2,
          eino_small_chamber_without_monster
D:9:      layout_basic, nicolae_tso_swordbearing_angel, dk_noncrumbling_3,
          minmay_puff
Temple:   mainiacjoe_temple_big_plus

Skill      XL: |  1  2  3  4  5  6  7  8  9 10 |
---------------+-------------------------------+-----
Stealth        | 2 3 4 |  4.7
Dodging        | 2 3 4 |  4.2
Fighting       | 1 2 3 4 |  4.7
Hexes          | 1 2 3 |  3.6
Spellcasting   | 3 4 |  4.2
Conjurations   | 5 |  5.7
Transmutations | 8 |  8.2
Air Magic      | 8 |  8.3
Armour         | 1 6 |  6.4

Action                   |  1- 3 |  4- 6 |  7- 9 | 10-12 || total
-------------------------+-------+-------+-------+-------++-------
Melee: Mace              |     1 |       |       |       ||     1
       Dagger            |    34 |     9 |       |       ||    43
       Quarterstaff      |       |    37 |    78 |   116 ||   231
       Headbutt          |       |     7 |     8 |    21 ||    36
       Staff             |       |       |       |     3 ||     3
 Cast: Magic Dart        |    50 |    11 |    70 |    21 ||   152
       Searing Ray       |    16 |    11 |    37 |    26 ||    90
  Use: Potion            |     1 |       |     3 |     3 ||     7
       Scroll            |     1 |    17 |     3 |     7 ||    28
 Stab: Sleeping          |     2 |    14 |     2 |     2 ||    20
       Distracted        |       |     1 |       |     1 ||     2
Armor: Robe              |    27 |    19 |     5 |       ||    51
       Ring mail         |       |       |    35 |    36 ||    71
       Skin              |       |       |    12 |       ||    12
       Leather armour    |       |       |       |     4 ||     4
Dodge: Dodged            |    46 |    28 |    87 |    85 ||   246
